 Dungeon Crawl Stone Soup version 0.24-a0-290-gbb66a67 (webtiles) character file.

Game seed: 495934407935403129

69 frenix the Caller (level 4, 0/21 HPs)
             Began as a Vine Stalker Summoner on May 8, 2019.
             Was an Initiate of Vehumet.
             Blown up by Ijyb (21 damage)
             ... with a disintegration bolt
             ... on level 3 of the Dungeon.
             The game lasted 00:17:02 (3021 turns).

frenix the Caller (Vine Stalker Summoner)           Turns: 3021, Time: 00:17:03

Health: 0/21       AC:  3    Str: 10    XL:     4   Next: 20%
Magic:  0/8        EV: 12    Int: 16    God:    Vehumet [......]
Gold:   169        SH:  0    Dex: 15    Spells: 3/7 levels left

rFire    . . .     SeeInvis .   o - +4 quarterstaff (chaos)
rCold    . . .     Gourm    .   (shield currently unavailable)
rNeg     . . .     Faith    .   a - +0 robe
rPois    .         Spirit   +   (no helmet)
rElec    .         Reflect  .   p - +0 cloak {+Inv}
rCorr    .         Harm     .   (no gloves)
MR       .....     Rnd*Tele +   (no boots)
Stlth    ++........             (no amulet)
HPRegen  0.47/turn              l - ring of teleportation (curse)
MPRegen  0.11/turn              (no ring)

@: no status effects
A: fangs 2, regeneration 1, magic shield, antimagic bite, no potion heal 3, rot
immunity
a: Renounce Religion, Evoke Invisibility


You were on level 3 of the Dungeon.
You worshipped Vehumet.
Vehumet was noncommittal.
You were not hungry.

You visited 1 branch of the dungeon, and saw 3 of its levels.

You collected 169 gold pieces.

Inventory:

Hand Weapons
 b - a +0 short sword
 f - a +1 dagger of venom
 o - a +4 quarterstaff of chaos (weapon)
Armour
 a - a +0 robe (worn)
 d - a +0 cloak
 j - a +0 chain mail
 p - a +0 cloak of invisibility (worn)
Jewellery
 l - a cursed ring of teleportation (left hand)
Scrolls
 h - 3 scrolls of fog
 i - a scroll of identify
 k - a scroll of fear
 n - a scroll of teleportation
 q - a scroll of random uselessness
Potions
 e - 2 potions of flight
 g - 3 potions of haste {unknown}
 m - a potion of brilliance {unknown}
Comestibles
 c - 6 rations
 r - a chunk of flesh


   Skills:
 - Level 0.1 Short Blades
 - Level 1.5 Dodging
 - Level 2.4 Stealth
 - Level 2.1 Spellcasting
 * Level 1.7 Hexes
 - Level 5.1 Summonings


You had 3 spell levels left.
You knew the following spells:

 Your Spells              Type           Power        Failure   Level  Hunger
a - Summon Small Mammal   Summ           ###.         2%          1    #......
s - Summon Guardian Gole  Hex/Summ       ##......     14%         3    ###....

Your spell library contained the following spells:

 Spells                   Type           Power        Failure   Level  Hunger
 Call Imp                 Summ           ###.....     3%          2    ###....
 Call Canine Familiar     Summ           ###.....     8%          3    ###....
 Summon Ice Beast         Ice/Summ       ##......     56%         4    #####..
 Summon Lightning Spire   Summ/Air       ##......     56%         4    #####..


Dungeon Overview and Level Annotations

Branches:
Dungeon (3/15)

Altars:
Cheibriados
Vehumet
Zin

Annotations:
D:3 Ijyb


Innate Abilities, Weirdness & Mutations

You have extremely sharp teeth.
Your natural rate of healing is unusually fast.
When hurt, damage is shared between your health and your magic reserves.
Your bite disrupts and absorbs the magic of your enemies.
Potions cannot restore your health.
You are immune to rotting.


Message History

Your quokka bites Ijyb but does no damage.
Ijyb hits your quokka with a +5 club.
Your quokka dies!
Your quokka's corpse disappears in a puff of smoke!
You swap places.
You swap places.
Ijyb hits your quokka with a +5 club.
Your quokka misses Ijyb.
Casting: Summon Small Mammal (safe; 2% risk of failure)
Confirm with . or Enter, or press ? or * to list all spells.
Your quokka barely misses Ijyb.
Ijyb misses your quokka.
Casting: Summon Small Mammal (safe; 2% risk of failure)
Confirm with . or Enter, or press ? or * to list all spells.
Your quokka completely misses Ijyb.
Ijyb zaps a wand.
Your quokka is blasted!!
Your quokka is blown up!
Your quokka's corpse disappears in a puff of smoke!
Your bat barely misses Ijyb.
Ijyb zaps a wand.
Your bat is blasted.
Your bat is blown up!
Your bat's corpse disappears in a puff of smoke!
Ijyb zaps a wand.
You are blasted!
Ouch! That really hurt!
You die...

# .. #.# ####.#
###############.≈≈≈##
.........g...@.≈≈≈≈≈##
#!......#####rr≈≈.≈≈_#
#.......# ##.≈≈≈≈≈#
#.......#######.≈≈≈##
+.......+...........#
#.......##########..##
######### #...#
#####.#.## #........#


You could see Ijyb, a friendly quokka and a friendly rat.

Vanquished Creatures
  A gnoll (D:1)
  A worm (D:3)
  2 bats
  4 giant cockroaches
  A goblin (D:1)
  2 hobgoblins (D:1)
  2 frilled lizards
  5 kobolds
  6 rats
24 creatures vanquished.

Vanquished Creatures (collateral kills)
  2 dart slugs
  A bat (D:1)
  2 giant cockroaches (D:1)
  4 goblins
  3 hobgoblins
  5 kobolds
  A quokka (D:2)
  2 frilled lizards
  4 rats
24 creatures vanquished.

Vanquished Creatures (others)
  Crazy Yiuf (D:2)
1 creature vanquished.

Grand Total: 49 creatures vanquished

Notes
Turn   | Place    | Note
-------+----------+-------------------------------------------
     0 | D:1      | frenix the Vine Stalker Summoner began the quest for the
                  | Orb.
     0 | D:1      | Reached XP level 1. HP: 9/9 MP: 4/4
   577 | D:1      | Reached XP level 2. HP: 9/13 MP: 3/6
  1210 | D:1      | Reached XP level 3. HP: 16/16 MP: 2/7
  1385 | D:1      | Reached skill level 5 in Summonings
  1787 | D:2      | Learned a level 3 spell: Summon Guardian Golem
  2328 | D:2      | Found a runed translucent door.
  2329 | D:2      | Noticed Crazy Yiuf
  2353 | D:2      | Killed Crazy Yiuf
  2353 | D:2      | Reached skill level 1 in Hexes
  2353 | D:2      | Gained mutation: Your natural rate of healing is unusually
                  | fast. [Vine Stalker growth]
  2353 | D:2      | Reached XP level 4. HP: 21/21 MP: 2/8
  2665 | D:2      | Found a radiant altar of Vehumet.
  2711 | D:2      | Became a worshipper of Vehumet
  2872 | D:3      | Found a glowing silver altar of Zin.
  2969 | D:3      | Found a snail-covered altar of Cheibriados.
  2994 | D:3      | Noticed Ijyb
  3021 | D:3      | Blown up by Ijyb

Levels and vault maps discovered:
D:1:      lightli_molten_gateway, layout_basic, minmay_cupped
D:2:      layout_rooms, lemuel_crystal_altar, uniq_crazy_yiuf_cottage
D:3:      layout_basic, kennysheep_slug_shrine, zin_academy, led_sif_pool,
          uniq_ijyb

Skill      XL: |  1  2  3 |
---------------+----------+-----
Summonings     | 5 |  5.1
Hexes          | 1 |  1.7
Short Blades   | |  0.1
Dodging        | |  1.5
Stealth        | |  2.4
Spellcasting   | |  2.1

Action                   |  1- 3 |  4- 6 || total
-------------------------+-------+-------++-------
Melee: Unarmed           |    10 |       ||    10
       Short sword       |     8 |       ||     8
       Bite              |     8 |     3 ||    11
       Dagger            |    39 |       ||    39
       Quarterstaff      |       |    10 ||    10
 Cast: Summon Small Mamm |    88 |    21 ||   109
       Summon Guardian G |     5 |     4 ||     9
  Use: Scroll            |     8 |     2 ||    10
 Stab: Sleeping          |     2 |       ||     2
  Eat: Chunk             |     6 |     1 ||     7
       Ration            |       |     1 ||     1
Armor: Robe              |    19 |     5 ||    24
Dodge: Dodged            |    38 |     4 ||    42

Table legend:
 A = Non-vault XP
 B = Vault XP
 C = Vault XP percentage of total XP
 D = Non-vault monster count
 E = Vault monster count
 F = Vault count percentage of total count
                 A         B        C        D         E       F
            +---------+---------+-------+---------+---------+-------
      Total |      69 |      30 |  30.3 |      44 |       5 |  10.2
            +---------+---------+-------+---------+---------+-------
        D:1 |      44 |       4 |   8.3 |      26 |       3 |  10.3
        D:2 |      16 |      24 |  60.0 |      13 |       1 |   7.1
        D:3 |       9 |       2 |  18.2 |       5 |       1 |  16.7
            +---------+---------+-------+---------+---------+-------
